 Dungeon Crawl Stone Soup version 0.32-a0-411-g744942f433 (webtiles) character file.

Game seed: 7103620264832038284

5898 cforsyth the Carver (level 10, -6/83 HPs)
             Began as a Coglin Gladiator on Feb 21, 2024.
             Was a Priest of Wu Jian.
             Killed by divine providence
             ... invoked by an orc priest
              (16 damage)
             ... on level 11 of the Dungeon.
             The game lasted 00:15:38 (8454 turns).

cforsyth the Carver (Coglin Gladiator)              Turns: 8454, Time: 00:15:38

Health: -6/83      AC: 18    Str: 17    XL:     10   Next: 82%
Magic:  10/10      EV:  7    Int: 11    God:    Wu Jian [***...]
Gold:   202        SH:  0    Dex: 20    Spells: 9/9 levels left

rFire   . . .        Q - +3 scimitar {Gnaeus}
rCold   + . .        N - +1 short sword of Invincibility {elec, Str+2 Int+4}
rNeg    . . .        O - +0 plate armour
rPois   .            c - +0 helmet
rElec   .            u - +0 cloak
rCorr   .            (no gloves)
SInv    .            j - +1 pair of boots {Fly}
Will    .....        (no amulet) Stlth
                     C - ring of protection from cold
HPRegen 0.33/turn    (no ring)
MPRegen 0.12/turn

%: no passive effects
@: immotile, flying, revved
A: off-hand wielding, slow wielding, warmup strikes, legs shutdown
a: Renounce Religion, Wall Jump, Serpent's Lash


You were on level 11 of the Dungeon.
You worshipped Wu Jian.
Wu Jian was most pleased with you.
You visited 2 branches of the dungeon, and saw 10 of its levels.
You also visited: Bailey.

You collected 340 gold pieces.
You spent 138 gold pieces at shops.


Innate Abilities, Weirdness & Mutations

You can wield a second weapon in your off-hand.
It takes a long time for you to wield or remove held weapons.
Your first few attacks do less damage.
Attacking and casting redirects power from your legs.


   Skills:
 + Level 9.6 Fighting
 + Level 9.7 Long Blades
 - Level 1.7 Throwing
 + Level 8.3 Armour
 - Level 2.6 Dodging


You had 9 spell levels left.
You didn't know any spells.
Your spell library contained the following spells:

 Spells                   Type           Power      Damage    Failure   Level
 Magic Dart               Conj           0%         1d3       100%        1
 Shock                    Conj/Air       0%         1d3       100%        1
 Blink                    Tloc           0%         N/A       100%        2
 Call Imp                 Summ           0%         N/A       100%        2
 Scorch                   Fire           0%         2d5       100%        2
 Swiftness                Air            0%         N/A       100%        3
 Airstrike                Air            0%         2d(0-16)  100%        4
 Flame Wave               Conj/Fire      0%         2d4       100%        4
 Summon Cactus Giant      Summ           0%         N/A       100%        6

Inventory:

Hand Weapons
 x - a +1 rapier of venom
 N - the +1 short sword of Invincibility (offhand) {elec, Str+2 Int+4}
   (You found it on level 6 of the Dungeon)

   Str+2:     It affects your strength (+2).
   Int+4:     It affects your intelligence (+4).
 Q - a +3 scimitar (weapon) {Gnaeus}
Missiles
 d - 3 throwing nets (quivered) {=f}
 e - a javelin
 A - 3 silver javelins
Armour
 b - a +0 leather armour
 c - a +0 helmet (worn)
 j - a +1 pair of boots of flying (worn)
 u - a +0 cloak (worn)
 O - a +0 plate armour (worn)
Magical Staves
 B - a staff of death {!a}
 P - a staff of fire {!a}
Jewellery
 C - a ring of protection from cold (left grasper)
 M - an amulet of guardian spirit
 Z - a ring of wizardry
Wands
 q - a wand of iceblast (10)
 I - a wand of flame (49)
 J - a wand of digging (5)
Scrolls
 a - a scroll of identify {@r1}
 f - 2 scrolls of amnesia {unknown}
 i - 3 scrolls of poison {unknown}
 k - a scroll of fear {unknown}
 l - a scroll of teleportation {@r2}
 m - 2 scrolls of blinking {unknown}
 o - 2 scrolls of torment {unknown}
 r - 2 scrolls of vulnerability {unknown}
 t - a scroll of brand weapon {unknown}
 y - 2 scrolls of enchant armour {unknown}
 D - 2 scrolls of immolation {unknown}
 G - a scroll of silence {unknown}
 K - a scroll of summoning {unknown}
 L - 2 scrolls of enchant weapon {unknown}
 R - a scroll of noise {unknown}
Potions
 g - 2 potions of haste {unknown}
 h - a potion of lignification
 n - 2 potions of curing {@q1}
 p - 5 potions of enlightenment
 s - a potion of mutation {unknown}
 v - a potion of resistance {unknown}
 w - 4 potions of invisibility
 z - a potion of attraction
 E - a potion of cancellation {unknown}
 F - a potion of might {unknown}
 H - a potion of brilliance {unknown}

Dungeon Overview and Level Annotations

Branches:
Dungeon (8/15)             Temple (1/1) D:6          Bailey (visited)
   Lair: D:8-11

Altars:
Ashenzari
Cheibriados
Dithmenos
Fedhas
Gozag
Hepliaklqana
Kikubaaqudgha
Makhleb
Nemelex Xobeh
Okawaru
Qazlal
Ru
Sif Muna
Trog
Uskayaw
Vehumet
Wu Jian
Xom
Yredelemnul
Zin
The Shining One

Shops:
D:1 ?[   D:2 :   D:4 *   D:5 *

Annotations:
D:7 1 runed translucent door, Crazy Yiuf #.# #.# #.# #####.### # #.......# #####.###.#.# ####### .†........#.# #..o$o# #####.##....#######o###.# # #.#.......)$@)o..# .oo

#
#.##....######o..#
o..# ## #.###.#.#
#.### o..# .## #.#
#.#.# #.# o..#
#(###.. ..?.# #.#
#### ##.######+###
#.# #.## #.# .##
#.# ##


You could see an orc priest and 2 orcs.


Message History

The orc hits you but does no damage.
Unknown command.
You hit the orc with your +3 scimitar.
The orc is almost dead.
You hit the orc with the +1 short sword of Invincibility.
You kill the orc!
The Council accepts your kill.
The orc hits you from afar with a +0 trident.
* * * LOW HITPOINT WARNING * * *
You are no longer unable to travel.
The orc hits you from afar with a +0 trident.
* * * LOW HITPOINT WARNING * * *
You lunge at the orc.
You closely miss the orc with your +3 scimitar.
You closely miss the orc with the +1 short sword of Invincibility.
The orc hits you but does no damage.
Items here: $ )) [ †.
You puncture the orc with the +1 short sword of Invincibility!
You kill the orc!
The Council accepts your kill.
You are no longer unable to travel.
The orc priest mumbles some strange prayers to Beogh against you.
Beogh smites you!
* * * LOW HITPOINT WARNING * * *
You puncture the orc with the +1 short sword of Invincibility!
You kill the orc!
The Council accepts your kill.
The orc priest mumbles some strange prayers to Beogh against you.
Beogh smites you!
You die...

Skill      XL: |  1  2  3  4  5  6  7  8  9 10 |
---------------+-------------------------------+-----
Armour         | 1 2 3 4 5 7 8 |  8.3
Fighting       | 3 4 5 6 8 9 |  9.6
Long Blades    | 4 5 7 8 9 |  9.7
Throwing       | |  1.7
Dodging        | |  2.6

Action                     |  1- 3 |  4- 6 |  7- 9 | 10-12 || total
---------------------------+-------+-------+-------+-------++-------
  Melee: Long sword        |    44 |   107 |   232 |       ||   383
         Dagger            |    26 |    95 |   138 |       ||   259
         Short sword       |       |       |    88 |   121 ||   209
         Scimitar          |       |       |     6 |   123 ||   129
Ability: Lunge             |       |       |    12 |    16 ||    28
         Whirlwind         |       |       |     2 |     1 ||     3
    Use: Scroll            |       |       |     8 |       ||     8
         Potion            |       |       |     3 |       ||     3
   Stab: Sleeping          |     1 |     2 |     3 |       ||     6
 Armour: Leather armour    |    14 |    68 |    66 |       ||   148
         Plate armour      |       |       |   133 |   139 ||   272
         Skin              |       |       |     5 |       ||     5
  Dodge: Dodged            |    27 |    62 |   116 |    53 ||   258

Levels and vault maps discovered:
D:1:      dpeg_arrival_houses_and_road, layout_loops_corners, serial_shops,
          shop, nicolae_shop_tiny_waterfront, minivault_5
D:2:      cheibrodos_helix_gallery, layout_basic, serial_shops,
          nicolae_book_shop_shelving
D:3:      layout_rooms
D:4:      layout_rooms, mainiacjoe_overflow_boulevard, nicolae_shop_fire_sale
          [nicolae_sub_dead_trees], nicolae_hexahallways
D:5:      layout_rooms, lemuel_coloured_pillars_altar, kennysheep_windowed_goal
D:6:      layout_loops_corners, lemuel_doored_altar,
          minmay_temple_entry_gardened_gates, serial_bayou_pond_b, st_stairs_3,
          grunt_ministairs_10, minmay_lizard_king
D:7:      layout_cave_pools, enter_bailey_5,
          nicolae_concentric_dashed_squares_mild, uniq_maggie,
          uniq_crazy_yiuf_cottage
D:8:      layout_basic, serial_shops, shop, serial_curves, eino_curves_02,
          eino_curves_01, eino_curves_01, nicolae_nh_ransacked_shop, uniq_pikel
D:11:     layout_loops_corners, special_room [special_room_orc], uniq_maurice
Temple:   mainiacjoe_temple_bowtie_tessellation

Notes
Turn   | Place    | Note
-------+----------+-------------------------------------------
     0 | D:1      | cforsyth the Coglin Gladiator began the quest for the Orb.
     0 | D:1      | Reached XP level 1. HP: 16/16 MP: 1/1
   152 | D:1      | Found Ylihoros's Antique Armour Emporium.
   210 | D:1      | Found Ubocah's Magic Scroll Boutique.
   600 | D:1      | Reached XP level 2. HP: 22/22 MP: 2/2
  1113 | D:2      | Reached skill level 1 in Armour
  1170 | D:2      | Reached XP level 3. HP: 28/28 MP: 3/3
  1297 | D:2      | Found Toduac's Book Boutique.
  1760 | D:3      | Reached skill level 3 in Fighting
  1760 | D:3      | Reached XP level 4. HP: 22/35 MP: 4/4
  1881 | D:3      | Reached skill level 2 in Armour
  1905 | D:3      | Reached skill level 4 in Long Blades
  1905 | D:3      | Reached XP level 5. HP: 34/41 MP: 5/5
  2335 | D:4      | Found Ceymogidgh's Fire Supplies.
  2469 | D:4      | Noticed a black bear
  2481 | D:4      | Reached XP level 6. HP: 23/48 MP: 6/6
  2481 | D:4      | Killed a black bear
  2482 | D:4      | Reached skill level 4 in Fighting
  2482 | D:4      | Reached skill level 3 in Armour
  2867 | D:4      | Reached skill level 5 in Long Blades
  2867 | D:4      | Reached XP level 7. HP: 32/55 MP: 7/7
  3142 | D:4      | Found a shimmering blue altar of Sif Muna.
  3209 | D:5      | Entered Level 5 of the Dungeon
  3272 | D:5      | Reached skill level 5 in Fighting
  3470 | D:5      | Reached skill level 4 in Armour
  3597 | D:5      | Found Ilunitza's Assorted Antiques.
  3625 | D:5      | Reached XP level 8. HP: 42/63 MP: 8/8
  3742 | D:5      | Bought a lumpy clear potion for 22 gold pieces
  3742 | D:5      | Bought a dark potion for 22 gold pieces
  3742 | D:5      | Bought an orange potion for 22 gold pieces
  3742 | D:5      | Bought a scroll labelled SIQOCL EDIBO for 25 gold pieces
  3742 | D:5      | Bought a scroll labelled FOSHRUR AXAICRE for 25 gold pieces
  3742 | D:5      | Bought a sapphire potion for 22 gold pieces
  3765 | D:5      | Reached skill level 6 in Long Blades
  4100 | D:5      | Found an ancient bone altar of Kikubaaqudgha.
  4196 | D:6      | Reached skill level 6 in Fighting
  4235 | D:6      | Reached skill level 5 in Armour
  4337 | D:6      | Found a staircase to the Ecumenical Temple.
  4366 | Temple   | Entered the Ecumenical Temple
  4390 | Temple   | Became a worshipper of the Wu Jian Council
  4513 | D:6      | Found a glowing silver altar of Zin.
  4524 | D:6      | Identified the +1 short sword of Invincibility {elec, Str+2
                  | Int+4}
  4808 | D:6      | Reached skill level 7 in Long Blades
  4897 | D:6      | Reached XP level 9. HP: 71/71 MP: 9/9
  5072 | D:6      | Reached skill level 7 in Fighting
  5407 | D:7      | Reached skill level 6 in Armour
  5413 | D:7      | Reached * piety under Wu Jian
  5417 | D:7      | Found a flagged portal.
  5617 | D:7      | Noticed Maggie
  5626 | D:7      | Killed Maggie
  5683 | Bailey   | Entered a bailey
  5883 | Bailey   | Reached skill level 8 in Long Blades
  6013 | Bailey   | Reached skill level 8 in Fighting
  6571 | D:7      | Reached skill level 7 in Armour
  6574 | D:7      | Reached ** piety under Wu Jian
  6665 | D:7      | Reached XP level 10. HP: 34/81 MP: 10/10
  7109 | D:7      | Found a runed translucent door.
  7110 | D:7      | Noticed Crazy Yiuf
  7965 | D:8      | Reached skill level 9 in Long Blades
  8108 | D:8      | You are sucked into a shaft and drop 3 floors!
  8271 | D:11     | Noticed a cyclops
  8275 | D:11     | Killed a cyclops
  8276 | D:11     | Reached skill level 9 in Fighting
  8393 | D:11     | Noticed a two-headed ogre
  8397 | D:11     | Killed a two-headed ogre
  8398 | D:11     | Reached skill level 8 in Armour
  8444 | D:11     | Reached *** piety under Wu Jian
  8454 | D:11     | Killed from afar by an orc priest

Vanquished Creatures
  A two-headed ogre (D:11)
  A cyclops (D:11)
  Maggie (D:7)
  A wyvern (D:8)
  3 ice beasts (D:6)
  10 orc warriors
  A black bear (D:4)
  4 ogres
  A centaur (D:8)
  2 phantoms
  A kobold brigand (D:7)
  4 bullfrogs
  4 scorpions
  9 wights
  11 killer bees
  A howler monkey (D:4)
  6 bombardier beetles
  2 jellies
  7 orc priests
  2 hounds
  5 iguanas
  A sleepcap (D:5)
  4 orc wizards
  5 adders
  2 shadow imps
  2 white imps
  3 ufetubi
  A ribbon worm (D:4)
  34 orcs
  2 bats
  11 endoplasms
  2 giant cockroaches (D:3)
  15 goblins
  10 hobgoblins
  10 jackals
  2 quokkas
  5 ball pythons
  7 frilled lizards
  16 kobolds
  3 rats
212 creatures vanquished.

Table legend: (Time is in decaauts)
 A = Elapsed time spent in this place.
 B = Non-inter-level travel time spent in this place.
 C = Inter-level travel time spent in this place.
 D = Time resting spent in this place.
 E = Time spent auto-exploring this place.
 F = Levels seen in this place.
 G = Mean time per level.
                   A        B        C        D        E       F      G
               +--------+--------+--------+--------+--------+-----+--------+
         Total |   8453 |   8198 |    255 |   1293 |   5302 |  11 |  768.5 |
       Dungeon |   7527 |   7308 |    219 |    801 |   5237 |   9 |  836.3 |
        Temple |     41 |      5 |     36 |      0 |      0 |   1 |   41.0 |
        Bailey |    884 |    884 |      0 |    492 |     65 |   1 |  884.0 |
               +--------+--------+--------+--------+--------+-----+--------+

Top non-repeatable levels by time:
     D:6: 1355 daAuts
     D:7: 1184 daAuts
     D:1: 1013 daAuts
     D:5: 981 daAuts
     D:4: 890 daAuts
  Bailey: 884 daAuts
     D:2: 690 daAuts
     D:3: 620 daAuts
     D:8: 456 daAuts
    D:11: 334 daAuts
  Temple: 41 daAuts

Table legend:
 A = Non-vault XP
 B = Vault XP
 C = Vault XP percentage of total XP
 D = Non-vault monster count
 E = Vault monster count
 F = Vault count percentage of total count
                 A         B        C        D         E       F
            +---------+---------+-------+---------+---------+-------
      Total |    6162 |    2269 |  26.9 |     159 |      53 |  25.0
            +---------+---------+-------+---------+---------+-------
        D:1 |      14 |       0 |   0.0 |       5 |       0 |   0.0
        D:2 |      36 |       4 |  10.0 |      13 |       2 |  13.3
        D:3 |     186 |       0 |   0.0 |      31 |       0 |   0.0
        D:4 |     494 |       0 |   0.0 |      26 |       0 |   0.0
        D:5 |     749 |     154 |  17.1 |      14 |       3 |  17.6
        D:6 |     853 |     246 |  22.4 |      12 |      12 |  50.0
        D:7 |    1411 |     428 |  23.3 |      29 |       5 |  14.7
        D:8 |     616 |       0 |   0.0 |      12 |       0 |   0.0
       D:11 |    1803 |     736 |  29.0 |      17 |      12 |  41.4
     Bailey |       0 |     701 | 100.0 |       0 |      19 | 100.0
            +---------+---------+-------+---------+---------+-------
